 Dungeon Crawl Stone Soup version 0.25.1-2-g60ff931df9 (webtiles) character file.

Game seed: 6940199403358431699

312 Acheron the Digger (level 6, -9/57 HPs)
             Began as a Troll Earth Elementalist on Aug 14, 2020.
             Killed from afar by Dowan (25 damage)
             ... with a shard of ice
             ... on level 5 of the Dungeon.
             The game lasted 00:14:04 (3557 turns).

Acheron the Digger (Troll Earth Elementalist)       Turns: 3557, Time: 00:14:05

Health: -9/57      AC:  7    Str: 17    XL:     6   Next: 18%
Magic:  7/7        EV: 10    Int: 11    God:
Gold:   112        SH:  0    Dex: 12    Spells: 7/8 levels left

rFire    . . .     SeeInvis .     - Unarmed
rCold    . . .     Gourm    +   (no shield)
rNeg     . . .     Faith    .   c - +1 robe
rPois    +         Spirit   .   (helmet restricted)
rElec    .         Reflect  .   (no cloak)
rCorr    .         Harm     .   (gloves unavailable)
MR       .....                  (boots unavailable)
Stlth    +.........             (no amulet)
HPRegen  0.59/turn              n - ring of poison resistance
MPRegen  0.10/turn              l - ring of wizardry

@: hasted, glowing, very quick
A: large, unfitting armour, claws 3, fast metabolism 3, gourmand, regeneration
1, shaggy fur 1, tough skin 3
a: no special abilities


You were on level 5 of the Dungeon.
You were not hungry.

You visited 2 branches of the dungeon, and saw 7 of its levels.

You collected 112 gold pieces.

Inventory:

Hand Weapons
 p - a +0 whip of venom
 q - a +1 flail of protection
Missiles
 b - 79 stones (quivered)
 j - 85 sling bullets
 t - 2 silver javelins
Armour
 c - a +1 robe (worn)
 r - a scarf of invisibility
Jewellery
 l - a ring of wizardry (right claw)
 n - a ring of poison resistance (left claw)
Wands
 u - a wand of random effects (14)
Scrolls
 e - a scroll of teleportation
 k - a scroll of enchant weapon
 m - 6 scrolls of remove curse
 o - 5 scrolls of identify
 s - a scroll of fog {unknown}
Potions
 a - 2 potions of mutation {unknown}
 f - 3 potions of curing
 g - a potion of heal wounds {unknown}
 i - a potion of stabbing
Comestibles
 d - 9 rations


   Skills:
 * Level 1.7 Fighting
 * Level 0.9 Throwing
 * Level 2.8 Dodging
 * Level 1.8 Stealth
 + Level 2.5 Unarmed Combat
 * Level 1.6 Spellcasting
   Level 0.6 Transmutations
 * Level 3.3 Earth Magic


You had 7 spell levels left.
You knew the following spells:

 Your Spells              Type           Power        Failure   Level  Hunger
a - Sandblast             Erth           #.....       3%          1    ##.....

Your spell library contained the following spells:

 Spells                   Type           Power        Failure   Level  Hunger
 Passwall                 Tmut/Erth      #.......     9%          2    ###....
 Stone Arrow              Conj/Erth      #.....       17%         3    ####...
 Petrify                  Tmut/Erth      #.......     45%         4    #####..
 Lee's Rapid Deconstruct  Erth           #.........   61%         5    ######.


Dungeon Overview and Level Annotations

Branches:
Dungeon (6/15)             Temple (1/1) D:4

Altars:
Ashenzari
Cheibriados
Dithmenos
Elyvilon
Fedhas
Hepliaklqana
Makhleb
Qazlal
Ru
Sif Muna
Uskayaw
Vehumet
Wu Jian
Yredelemnul
Zin
The Shining One

Annotations:
D:5 Dowan


Innate Abilities, Weirdness & Mutations

You are too large for most types of armour.
You have claws for hands.
Your metabolism is lightning-fast.
You like to eat raw meat.
Your natural rate of healing is unusually fast.
You are covered in fur. (AC +1)
You have extremely tough skin. (AC +3)


Message History

* * * LOW HITPOINT WARNING * * *
You claw the hound skeleton!
The hound skeleton is heavily damaged.
The hound skeleton bites you.
* * * LOW HITPOINT WARNING * * *
The hound skeleton misses you.
Evoke which item? (* to show all) (? for menu, Esc to quit)
Aiming: Random Effects
Press: ? - help, Shift-Dir - straight line, f - Dowan
Aim: Dowan, wielding a +0 dagger and wearing a +0 robe (severely wounded, fast) Dowan flickers and vanishes!
Deactivating autopickup; reactivate with Ctrl-A.
You hear some strange, mumbled words.
The hound skeleton bites you but does no damage.
You feel better. The hound skeleton barely misses you.
You feel yourself speed up. The hound skeleton closely misses you.
You hear some strange, mumbled words.
A shard of ice appears from out of thin air!
The shard of ice hits you!!
You die...

###...####### #.##..# #...#
######.##..# #...#
.........#.# ###...# #
######.#.#... ......# #..
#.#.#...# ####..##
#...######.#.#...#
...<...#.............#.#.#.#
....#..........#...{...#.#.#
############# #@#####.#.#.#
.. #Z# #.# ####. #.#######
......#........
#.........###
...............
............###
...............
...############


You could see a hound skeleton.

Vanquished Creatures
  Duvessa (D:5)
  A scorpion (D:4)
  A hound (D:6)
  A worker ant (D:4)
  A gnoll (D:5)
  An adder (D:2)
  An ooze (D:4)
  5 worms
  2 leopard geckos
  9 orcs
  A ball python (D:2)
  5 bats
  2 giant cockroaches (D:3)
  9 hobgoblins
  5 jackals
  6 kobolds (D:1)
  2 quokkas (D:4)
  3 frilled lizards (D:1)
  4 goblins
  6 rats
66 creatures vanquished.

Notes
Turn   | Place    | Note
-------+----------+-------------------------------------------
     0 | D:1      | Acheron the Troll Earth Elementalist began the quest for
                  | the Orb.
     0 | D:1      | Reached XP level 1. HP: 16/16 MP: 1/1
   316 | D:1      | Reached XP level 2. HP: 19/24 MP: 3/3
   373 | D:1      | Reached skill level 3 in Earth Magic
  1221 | D:2      | Reached XP level 3. HP: 32/32 MP: 4/4
  1288 | D:2      | Found a white marble altar of Elyvilon.
  2139 | D:3      | Reached XP level 4. HP: 34/40 MP: 5/5
  2159 | D:3      | Reached skill level 1 in Unarmed Combat
  2180 | D:3      | Reached skill level 1 in Fighting
  2588 | D:4      | Reached XP level 5. HP: 31/48 MP: 2/6
  2751 | D:4      | Found a stormy altar of Qazlal.
  2798 | D:4      | Found a staircase to the Ecumenical Temple.
  2807 | Temple   | Entered the Ecumenical Temple
  3109 | D:5      | Entered Level 5 of the Dungeon
  3277 | D:6      | Found a radiant altar of Vehumet.
  3290 | D:5      | Found a shadowy altar of Dithmenos.
  3538 | D:5      | Noticed Dowan
  3539 | D:5      | Noticed Duvessa
  3553 | D:5      | Killed Duvessa
  3553 | D:5      | Reached XP level 6. HP: 28/57 MP: 7/7
  3557 | D:5      | Killed from afar by Dowan

Illustrated notes

Levels and vault maps discovered:
D:1:      dpeg_arrival_water_fire, layout_basic
D:2:      layout_basic, nicolae_overflow_hidden_temple
D:3:      layout_basic, first_ration
D:4:      layout_basic, kennysheep_mini, minmay_temple_entry_butterflies
D:5:      lemuel_upstairs_altar, layout_basic, basic_altar, serial_shops, shop,
          uniq_crazy_yiuf_cottage, uniq_duvessa
D:6:      layout_gridville, lemuel_altar_in_water2
Temple:   nicolae_temple_great_sept

Skill      XL: |  1  2  3  4  5 |
---------------+----------------+-----
Earth Magic    | 3 |  3.3
Dodging        | 2 |  2.8
Unarmed Combat | 1 2 |  2.5
Fighting       | 1 |  1.7
Throwing       | |  0.9
Stealth        | |  1.8
Spellcasting   | |  1.6
Transmutations | |  0.6

Action                   |  1- 3 |  4- 6 || total
-------------------------+-------+-------++-------
Melee: Unarmed           |   145 |   103 ||   248
       Punch             |     1 |       ||     1
Throw: Stone             |       |     3 ||     3
 Cast: Sandblast         |       |     3 ||     3
Evoke: Wand              |       |     1 ||     1
  Use: Scroll            |     6 |     2 ||     8
       Potion            |       |     2 ||     2
 Stab: Sleeping          |     5 |     1 ||     6
  Eat: Chunk             |    25 |     8 ||    33
Armor: Robe              |    44 |    33 ||    77
Dodge: Dodged            |    85 |    69 ||   154
